 Dungeon Crawl Stone Soup version 0.29-a0-330-g52719c12eb (webtiles) character file.

Game seed: 7651285734256555984

9 Ajdolov the Ruffian (level 2, 0/25 HPs)
             Began as a Ghoul Warper on Apr 15, 2022.
             Slain by an endoplasm (1 damage)
             ... on level 1 of the Dungeon.
             The game lasted 00:00:31 (125 turns).

Ajdolov the Ruffian (Ghoul Warper)                   Turns: 125, Time: 00:00:32

Health: 0/25       AC:  3    Str: 14    XL:     2   Next: 16%
Magic:  3/3        EV: 11    Int:  8    God:
Gold:   10         SH:  0    Dex:  8    Spells: 4/4 levels left

rFire   . . .      SeeInvis .     - Unarmed
rCold   + . .      Faith    .   (no shield)
rNeg    + + +      Spirit   .   a - +0 leather armour
rPois   ∞          Reflect  .   (no helmet)
rElec   .          Harm     .   (no cloak)
rCorr   .          Rampage  .   (no gloves)
Will    .....                   (no boots)
Stlth   +.........              (no amulet)
HPRegen 0.00/turn               (no ring)
MPRegen 0.08/turn               (no ring)

@: inhibited regen
A: claws 1, cold resistance 1, negative energy resistance 3, inhibited
regeneration, torment resistance 2, devour on kill
a: no special abilities


You were on level 1 of the Dungeon.
You visited 1 branch of the dungeon, and saw 1 of its levels.

You collected 10 gold pieces.

Inventory:

Missiles
 c - 7 boomerangs of dispersal (quivered)
Armour
 a - a +0 leather armour (worn)
Scrolls
 b - a scroll of blinking
 f - a scroll of torment {unknown}
Potions
 d - a potion of ambrosia {unknown}
 e - a potion of degeneration {unknown}
 g - a potion of magic {unknown}


   Skills:
 + Level 2.5 Fighting
 - Level 0.8 Throwing
 - Level 0.8 Armour
 - Level 1.7 Dodging
 * Level 2.8 Unarmed Combat
 - Level 1.7 Spellcasting
 - Level 2.6 Translocations


You had 4 spell levels left.
You didn't know any spells.
Your spell library contained the following spells:

 Spells                   Type           Power      Damage    Failure   Level
 Blink                    Tloc           10%        N/A       22%         2
 Gell's Gravitas          Tloc           5%         N/A       41%         3
 Lesser Beckoning         Tloc           5%         N/A       41%         3
 Teleport Other           Tloc           5%         N/A       41%         3
 Manifold Assault         Tloc           5%         N/A       99%         5


Dungeon Overview and Level Annotations

Branches:
Dungeon (1/15)

Altars:


Innate Abilities, Weirdness & Mutations

You are immune to poison.
You have sharp fingernails.
Your flesh is cold resistant. (rC+)
You are immune to negative energy. (rN+++)
You do not regenerate when monsters are visible.
You are immune to unholy pain and torment.
You thrive by killing the living.


Message History

The goblin hits you with a +1 dagger of speed.
You barely miss the goblin. The goblin barely misses you.
You closely miss the goblin. The bat hits you. The goblin barely misses you.
The endoplasm hits you but does no damage.
The goblin hits you with a +1 dagger of speed.
* * * LOW HITPOINT WARNING * * *
Unknown command.
The endoplasm attacks as you move away! The endoplasm barely misses you.
The goblin attacks as you move away!
The goblin hits you with a +1 dagger of speed.
* * * LOW HITPOINT WARNING * * *
The bat barely misses you. The bat hits you but does no damage.
The bat hits you but does no damage. The goblin attacks as you move away!
The goblin hits you with a +1 dagger of speed.
* * * LOW HITPOINT WARNING * * *
The bat hits you but does no damage.
The endoplasm jiggles.
Things that are here:
9 gold pieces; a hobgoblin corpse The goblin attacks as you move away!
The goblin hits you but does no damage. The bat barely misses you. x2
The endoplasm jiggles.
You scratch the bat.
You kill the bat!
You feel better.
You scratch the goblin but do no damage.
The goblin hits you with a +1 dagger of speed.
* * * LOW HITPOINT WARNING * * *
Unknown command.
You scratch the goblin but do no damage.
The goblin barely misses you. The goblin closely misses you.
Unknown command.
You claw the goblin!
You kill the goblin!
Unknown command.
You scratch the endoplasm.
The endoplasm is heavily wounded.
The endoplasm hits you.
You die...

....##...............
#....#.##.........### ##.#
....##.##.........# ...#..
.#...#.##.........####.#...#
..).## #....†.............
..#..# #^...............#
#...## #.####...#.......###
.....# #. #...#..........
....## # #..@J....$.# .....
#...#......# ...
#####......# #..........
#.......... #..........
#####...... ...... ......


You could see an endoplasm.

Vanquished Creatures
  A dart slug (D:1)
  A ball python (D:1)
  A bat (D:1)
  2 goblins (D:1)
  A hobgoblin (D:1)
  A kobold (D:1)
7 creatures vanquished.

Notes
Turn   | Place    | Note
-------+----------+-------------------------------------------
     0 | D:1      | Ajdolov the Ghoul Warper began the quest for the Orb.
     0 | D:1      | Reached XP level 1. HP: 17/17 MP: 2/2
   109 | D:1      | Reached XP level 2. HP: 19/25 MP: 3/3
   122 | D:1      | HP: 1/25 [goblin/+1 dagger of speed (4)]
   125 | D:1      | Slain by an endoplasm

Illustrated notes

Levels and vault maps discovered:
D:1:      co_arrival_square_in_a_square_in_a_square, layout_basic,
          minmay_tiny_reverse_x

Action                   || total
-------------------------++-------
Melee: Unarmed           ||    23
Armor: Leather armour    ||     6
Dodge: Dodged            ||    17

Table legend: (Time is in decaauts)
 A = Elapsed time spent in this place.
 B = Non-inter-level travel time spent in this place.
 C = Inter-level travel time spent in this place.
 D = Time resting spent in this place.
 E = Time spent auto-exploring this place.
 F = Levels seen in this place.
 G = Mean time per level.
                   A        B        C        D        E       F      G
               +--------+--------+--------+--------+--------+-----+--------+
         Total |    124 |    124 |      0 |      6 |     57 |   1 |  124.0 |
       Dungeon |    124 |    124 |      0 |      6 |     57 |   1 |  124.0 |
               +--------+--------+--------+--------+--------+-----+--------+

Top non-repeatable levels by time:
     D:1: 124 daAuts
